 Dungeon Crawl Stone Soup version 0.28-a0-1594-ga885d4b3d6 (webtiles) character file.

Game seed: 16559640508745213725

928 vineage the Fighter (level 7, -2/74 HPs)
             Began as a Minotaur Fighter on Jan 20, 2022.
             Slain by a gnoll (3 damage)
             ... on level 5 of the Dungeon.
             The game lasted 00:04:02 (4192 turns).

vineage the Fighter (Minotaur Fighter)              Turns: 4192, Time: 00:04:03

Health: -2/74      AC: 10    Str: 21    XL:     7   Next: 85%
Magic:  6/6        EV:  9    Int:  5    God:
Gold:   100        SH:  4    Dex: 11    Spells: 6/6 levels left

rFire   . . .      SeeInvis .   a - +1 war axe
rCold   . . .      Faith    .   c - +0 buckler
rNeg    . . .      Spirit   .   b - +0 scale mail
rPois   .          Reflect  .   (helmet restricted)
rElec   .          Harm     .   (no cloak)
rCorr   .          Rampage  .   l - +0 pair of gloves
Will    .....                   j - +1 pair of boots
Stlth   ..........              (no amulet)
HPRegen 0.22/turn               (no ring)
MPRegen 0.10/turn               (no ring)

@: mighty, lethally poisoned (-2 -> -20)
A: horns 2, retaliatory headbutt
a: no special abilities


You were on level 5 of the Dungeon.
You visited 1 branch of the dungeon, and saw 5 of its levels.

You collected 100 gold pieces.

Inventory:

Hand Weapons
 a - a +1 war axe (weapon)
Armour
 b - a +0 scale mail (worn)
 c - a +0 buckler (worn)
 j - a +1 pair of boots (worn)
 l - a +0 pair of gloves (worn)
 m - a +0 cloak
Scrolls
 i - a scroll of enchant armour
Potions
 d - a potion of might
 e - 3 potions of attraction
 f - a potion of invisibility {unknown}
 g - a potion of mutation {unknown}
 h - 2 potions of curing
 k - a potion of berserk rage {unknown}


   Skills:
 + Level 11.3 Fighting
 - Level 2.4 Axes
 - Level 3.6 Armour
 - Level 3.6 Shields


You had 6 spell levels left.
You didn't know any spells.
Your spell library contained the following spells:

 Spells                   Type           Power      Damage    Failure   Level
 Apportation              Tloc           0%         N/A       88%         1
 Magic Dart               Conj           0%         1d3       88%         1
 Searing Ray              Conj           0%         2d4       96%         2
 Fulminant Prism          Conj/Hex       0%         3d6       100%        4


Dungeon Overview and Level Annotations

Branches:
Dungeon (5/15)             Temple (0/1) D:4

Altars:
Ashenzari
Cheibriados
Elyvilon
Hepliaklqana
Qazlal
Sif Muna
Uskayaw

Shops:
D:3 ?


Innate Abilities, Weirdness & Mutations

You have a pair of horns on your head.
You reflexively headbutt those who attack you in melee.


Message History

The gnoll shouts!
The adder hisses angrily.
The gnoll sergeant throws a stone.
The stone barely misses you.
You feel very mighty all of a sudden. The gnoll hits you but does no damage.
The gnoll closely misses you.
You hit the gnoll.
The gnoll is severely wounded.
The gnoll hits you with a +0 club.
The gnoll hits you from afar with a +0 spear.
The gnoll hits you but does no damage.
You slice the gnoll!!
You kill the gnoll!
The gnoll hits you from afar with a +0 spear.
The gnoll closely misses you. The adder barely misses you.
You slash the adder!
You kill the adder!
The gnoll sergeant throws a stone.
The stone hits you.
* * * LOW HITPOINT WARNING * * *
The gnoll hits you but does no damage.
You see here a +0 whip.
You hear the rusting of a drain very nearby.
The gnoll sergeant hits you but does no damage.
You are poisoned.
The gnoll sergeant blocks your attack.
Your headbutt misses the gnoll sergeant.
The gnoll sergeant is lightly wounded.
You feel very sick. The gnoll sergeant closely misses you.
The gnoll hits you but does no damage.
The gnoll sergeant hits you with a +2 trident of venom.
* * * LOW HITPOINT WARNING * * *
The gnoll hits you from afar with a +0 spear.
* * * LOW HITPOINT WARNING * * *
You slice the gnoll sergeant!!
Your headbutt misses the gnoll sergeant.
The gnoll sergeant is almost dead.
You feel very sick.
The gnoll sergeant hits you with a +2 trident of venom!
* * * LOW HITPOINT WARNING * * *
You are more poisoned.
The gnoll hits you from afar with a +0 spear.
You die...

## #.#...#
.########.#.####.≈
.≈♣ .#.......gg.#
#.≈ ≈≈≈♣
.#.......g.g#
##≈≈♣♣♣≈≈≈♣
......(.....#
.≈≈≈≈≈≈.≈≈
............#
≈≈.≈≈≈≈
#...........# ....
......##..########.#
##...####...##gg@..#
............ggg#####
....###...>.####
........#...##
....#..##....####
#####.........<.#
###...#.........#
.#..####........#
...### #........###


You could see a gnoll sergeant and 4 gnolls.

Vanquished Creatures
  Grinder (D:3)
  Sigmund (D:4)
  A centaur (D:5)
  A kobold brigand (D:4)
  A hound (D:4)
  2 orc priests
  2 iguanas (D:4)
  2 orc wizards (D:4)
  3 hound skeletons
  A gnoll (D:5)
  9 adders
  A worm (D:2)
  2 dart slugs
  17 orcs
  5 ball pythons
  5 bats
  6 endoplasms
  2 giant cockroaches (D:1)
  6 goblins
  10 hobgoblins
  11 jackals
  A quokka (D:1)
  3 frilled lizards
  6 kobolds
  6 rats
105 creatures vanquished.

Vanquished Creatures (others)
  A fungus (D:1)
1 creature vanquished.

Grand Total: 106 creatures vanquished

Notes
Turn   | Place    | Note
-------+----------+-------------------------------------------
     0 | D:1      | vineage the Minotaur Fighter began the quest for the Orb.
     0 | D:1      | Reached XP level 1. HP: 19/19 MP: 0/0
    18 | D:1      | Reached skill level 4 in Fighting
    83 | D:1      | Found a faded altar of an unknown god.
    90 | D:1      | Got Plato's Disquisition on Dislocation
   236 | D:1      | Reached XP level 2. HP: 21/28 MP: 1/1
   520 | D:1      | Reached skill level 5 in Fighting
   628 | D:1      | Reached XP level 3. HP: 36/36 MP: 2/2
  1652 | D:3      | Reached XP level 4. HP: 44/44 MP: 3/3
  1683 | D:3      | Reached skill level 6 in Fighting
  1728 | D:3      | Found Adghem's Magic Scroll Shop.
  2268 | D:3      | Noticed Grinder
  2278 | D:3      | Paralysed by Grinder for 5 turns
  2285 | D:3      | Killed Grinder
  2286 | D:3      | Reached skill level 8 in Fighting
  2286 | D:3      | Reached XP level 5. HP: 31/55 MP: 4/4
  2286 | D:3      | Reached XP level 6. HP: 35/62 MP: 5/5
  2871 | D:4      | Found a stormy altar of Qazlal.
  2871 | D:4      | Found a shimmering blue altar of Sif Muna.
  2879 | D:4      | Found a broken altar of Ashenzari.
  2881 | D:4      | Found a white marble altar of Elyvilon.
  2883 | D:4      | Found a hazy altar of Hepliaklqana.
  2914 | D:4      | Found a staircase to the Ecumenical Temple.
  2977 | D:4      | Noticed Sigmund
  2997 | D:4      | Killed Sigmund
  2998 | D:4      | Reached skill level 9 in Fighting
  2998 | D:4      | Reached XP level 7. HP: 57/70 MP: 6/6
  3126 | D:4      | Found a snail-covered altar of Cheibriados.
  3223 | D:4      | Reached skill level 10 in Fighting
  3843 | D:5      | Entered Level 5 of the Dungeon
  3956 | D:5      | Reached skill level 11 in Fighting
  4080 | D:5      | Found a hide-covered altar of Uskayaw.
  4192 | D:5      | HP: 1/74 [gnoll sergeant (8)]
  4192 | D:5      | Slain by a gnoll

Illustrated notes

Levels and vault maps discovered:
D:1:      tarquinn_simple_flora_water_b, layout_loops_ring,
          shapermc_ecumenical_altar_rom_forum
D:2:      layout_basic, minivault_5, nrook_mini_backslash, minmay_tetromino_o4
D:3:      layout_basic, serial_shops, nicolae_shop_stone, uniq_grinder
D:4:      layout_cave_pools, mainiacjoe_overflow_six_doors_small,
          chequers_temple_overflow_minitemple, mainiacjoe_overflow_swirl,
          lemuel_temple_firewalk_b, minmay_goblin_outpost, uniq_sigmund,
          uniq_natasha
D:5:      cheibrodos_quashed, layout_rooms, nicolae_overflow_hidden_temple,
          lightli_sewer_entry_pipes, kennysheep_boxes

Skill      XL: |  1  2  3  4  5  6  7 |
---------------+----------------------+-----
Fighting       | 4 5 8 9 11 | 11.3
Axes           | |  2.4
Armour         | |  3.6
Shields        | |  3.6

Action                   |  1- 3 |  4- 6 |  7- 9 || total
-------------------------+-------+-------+-------++-------
Melee: War axe           |    88 |    81 |    78 ||   247
       Headbutt          |    14 |    17 |    18 ||    49
  Use: Scroll            |     3 |     3 |     2 ||     8
       Potion            |       |       |     3 ||     3
Armor: Scale mail        |    47 |    42 |    54 ||   143
Dodge: Dodged            |    45 |    38 |    49 ||   132
Block: Buckler           |    13 |    20 |    19 ||    52

Table legend: (Time is in decaauts)
 A = Elapsed time spent in this place.
 B = Non-inter-level travel time spent in this place.
 C = Inter-level travel time spent in this place.
 D = Time resting spent in this place.
 E = Time spent auto-exploring this place.
 F = Levels seen in this place.
 G = Mean time per level.
                   A        B        C        D        E       F      G
               +--------+--------+--------+--------+--------+-----+--------+
         Total |   4297 |   4080 |    217 |    355 |   3005 |   5 |  859.4 |
       Dungeon |   4297 |   4080 |    217 |    355 |   3005 |   5 |  859.4 |
               +--------+--------+--------+--------+--------+-----+--------+

Top non-repeatable levels by time:
     D:4: 1161 daAuts
     D:3: 1107 daAuts
     D:1: 933 daAuts
     D:2: 735 daAuts
     D:5: 360 daAuts
